Map: Orbital Shipyard

Players

capac - Winner!

  • Race: Terran Terran
  • League: Gold

BlackStar

  • Race: Protoss Protoss
  • League: Gold

VOD

Have the link to the VOD?

Description

Time

  • Played on: Feb. 17, 2016, 1 p.m.
  • Length: 15:29
Show
View Real Time Build Order
Export as new Build Order

capac Terran - Winner!

Build Orders:  

Get SALT Encoding   

  12  0:00  SCV  
  13  0:13  SCV  
  14  0:18  Supply Depot  
  14  0:26  SCV  
  15  0:39  SCV  
  15  0:42  Barracks  
  16  0:45  Refinery  
  16  0:51  SCV  
  17  1:04  SCV  
  18  1:16  SCV  
  19  1:28  SCV  
  20  1:33  Command Center  
  20  1:35  Barracks Reactor  
  20  1:42  Supply Depot  
  20  1:45  SCV  
  21  2:00  SCV  
  22  2:12  SCV  
  23  2:29  Factory  
  23  2:30  Marine x2  
  23  2:31  Barracks  
  23  2:34  Engineering Bay  
  25  2:39  Orbital Command  
  25  2:47  Marine x2  
  27  2:53  Orbital Command  
  27  3:05  Marine x2  
  27  3:09  Missile Turret  
  27  3:12  SCV  
  30  3:17  Refinery  
  30  3:29  SCV  
  30  3:30  Terran Infantry Weapons Level 1  
  31  3:35  SCV  
  33  3:41  SCV  
  33  3:47  SCV  
  33  3:51  Marine x2  
  33  3:53  Barracks Tech Lab, SCV  
  36  3:56  Starport, Factory Reactor  
  36  3:59  SCV  
  37  4:05  SCV  
  37  4:09  Marine x2  
  40  4:11  SCV  
  41  4:22  Marine  
  42  4:24  Supply Depot  
  42  4:27  Marine  
  42  4:29  Stimpack  
  43  4:31  Marine  
  44  4:43  Barracks  
  44  4:44  Marine x2  
  46  4:47  SCV x2  
  46  4:49  Medivac x2  
  52  4:53  Supply Depot  
  52  5:01  Engineering Bay  
  52  5:04  SCV x2  
  52  5:06  Refinery  
  54  5:09  Refinery  
  54  5:14  Marine x3  
  57  5:22  Liberator  
  57  5:29  Factory Tech Lab  
  57  5:32  Marine x2  
  57  5:35  Marine  
  60  5:37  Barracks  
  60  5:41  SCV x2  
  65  5:49  Siege Tank  
  68  5:53  SCV  
  68  5:54  SCV  
  70  6:03  Supply Depot  
  70  6:06  Marine x4  
  70  6:07  Missile Turret, SCV x2  
  76  6:25  Siege Tank  
  79  6:30  Supply Depot  
  77  7:05  Marine x5  
  77  7:06  Siege Tank, Medivac  
  77  7:07  Medivac  
  87  7:22  Marine  
  82  7:41  Marine x2  
  82  7:42  Marine x2  
  79  7:47  Marine  
  80  7:52  Siege Tank  
  80  7:56  Armory  
  80  7:57  Liberator x2  
  80  7:58  Command Center  
  83  7:59  Supply Depot, Marine x3  
  83  8:00  Marine  
  83  8:01  Supply Depot  
  83  8:05  Marine  
  88  8:17  Marine x4  
  98  8:23  Marine  
  97  8:35  Marine  
  82  8:49  Marine x4  
  82  8:53  Marine  
  82  8:55  Siege Tank  
  90  8:57  Medivac x2  
  94  9:07  Marine x4  
  98  9:10  Marine  
  99  9:17  Supply Depot  
  99  9:25  Marine x4  
  99  9:28  Marine  
  104  9:42  Marine  
  104  9:43  Marine  
  106  9:48  SCV x2  
  108  10:00  SCV  
  100  11:21  Marine x3  
  100  11:22  Marine x2  
  100  11:24  Liberator x2  
  105  11:39  Marine x2  
  99  12:22  Marine x2  
  100  12:23  Marine x3  
  104  12:40  Marine x4  
  104  12:41  Marine  
  103  12:58  Marine  
  94  13:01  Marine x4  
  87  13:16  Marine  
  87  13:19  Marine  
  83  13:31  Marine x3  
  80  13:44  Siege Tank  
  80  13:45  Marine x2  
  85  13:49  Marine x3  
  85  14:02  Marine  
  85  14:03  Marine  
  85  14:06  Marine  
  85  14:07  Marine x2  
  88  14:20  Marine x2  
  90  14:24  Marine x2  
  90  14:25  Marine  
  93  14:38  Marine x2  
  91  14:42  Marine x3  
  89  14:56  Marine x2  
  91  15:00  Marine x3  
Show
View Real Time Build Order
Export as new Build Order

BlackStar Protoss 

Build Orders: Blink Stalkers 

Get SALT Encoding   

  12  0:03  Probe (Chrono Boost)  
  13  0:13  Probe (Chrono Boost)  
  14  0:20  Pylon  
  14  0:24  Probe (Chrono Boost)  
  15  0:39  Probe (Chrono Boost)  
  15  0:42  Gateway  
  16  0:46  Assimilator  
  16  0:49  Probe (Chrono Boost)  
  17  0:58  Gateway  
  17  1:00  Probe (Chrono Boost)  
  18  1:17  Probe (Chrono Boost)  
  19  1:28  Probe (Chrono Boost)  
  19  1:30  Pylon  
  19  1:31  Cybernetics Core  
  20  1:38  Probe (Chrono Boost)  
  21  1:49  Probe (Chrono Boost)  
  22  2:02  Nexus  
  22  2:04  Probe (Chrono Boost), Warp Gate (Chrono Boost)  
  23  2:13  Assimilator  
  24  2:15  Probe  
  24  2:33  Twilight Council  
  24  2:39  Probe  
  25  2:49  Gateway  
  25  2:51  Probe  
  25  2:56  Pylon  
  26  3:03  Probe  
  27  3:08  Gateway  
  27  3:15  Probe  
  28  3:21  Blink (Chrono Boost)  
  28  3:28  Mothership Core  
  30  3:34  Pylon  
  30  3:35  Pylon  
  30  3:49  Probe  
  31  3:59  Pylon  
  31  4:01  Probe, Gateway, Pylon  
  32  4:04  Probe  
  33  4:13  Probe  
  33  4:16  Probe  
  35  4:18  Forge  
  35  4:26  Probe  
  35  4:27  Robotics Facility  
  35  4:28  Probe  
  37  4:33  Assimilator  
  37  4:38  Probe  
  38  4:40  Probe  
  39  4:50  Probe  
  39  4:52  Probe  
  41  4:53  Protoss Ground Weapons Level 1  
  41  5:04  Probe  
  41  5:06  Assimilator  
  42  5:08  Photon Cannon  
  42  5:11  Photon Cannon  
  42  5:14  Photon Cannon  
  42  5:16  Probe  
  42  5:17  Photon Cannon  
  43  5:22  Immortal (Chrono Boost)  
  47  5:28  Probe  
  47  5:32  Probe  
  47  5:34  Gateway  
  49  5:40  Probe  
  50  5:47  Pylon  
  50  5:56  Resonating Glaives  
  50  6:03  Stalker x4  
  58  6:09  Immortal (Chrono Boost)  
  62  6:21  Gateway  
  62  6:23  Stalker  
  62  6:24  Pylon  
  64  6:40  Stalker  
  64  6:41  Stalker x4  
  68  6:50  Adept  
  48  7:05  Adept x3  
  43  8:00  Nexus  
  43  8:25  Adept x2  
  43  8:26  Adept  
  49  8:28  Nexus  
  37  8:41  Adept  
  37  8:42  Adept  
  37  8:53  Probe  
  38  9:05  Probe  
  39  9:11  Probe  
  39  9:13  Templar Archives  
  40  9:22  Probe  
  41  9:27  Adept x2  
  45  9:34  Probe  
  46  9:44  Probe x2  
  46  9:48  Probe  
  49  9:54  Probe, Stalker x2  
  49  9:55  Probe  
  55  10:00  Probe  
  55  10:05  Stalker x2  
  58  10:19  Stalker  
  58  10:20  Stalker x2  
  63  10:29  Stalker  
  57  10:50  Adept x5  
  57  10:55  Adept  
  69  10:59  Adept  
  63  11:13  High Templar x2  
  63  11:14  Psionic Storm  
  67  11:19  Archon  
  67  11:21  High Templar x2  
  67  11:25  High Templar x2  
  75  11:30  Archon  
  75  11:31  Archon  
  49  12:04  Adept x6  
  49  12:05  Adept  
  59  12:19  Probe  
  60  12:25  High Templar x2  
  64  12:30  Archon  
  64  12:31  Stalker x4  
  72  12:37  Stalker  
  70  12:58  Adept x4  
  60  13:17  Stalker x3  
  60  13:18  Stalker  
  50  13:42  Stalker x2  
  50  13:43  Stalker  
  56  13:51  Stalker  
  58  14:14  Adept x4  
  60  14:36  Stalker x2  
  56  14:53  Stalker x2  
  50  15:13  Adept x3  
  42  15:19  Adept  
Tags
 
Add a new tag
Caveats
  • Supply blocks, unpowered buildings, or Contaminate may cause inaccurate times.
  • Supply counts are checked every 10 seconds.